 Dungeon Crawl Stone Soup version 0.27.1-33-g824d729ab1 (webtiles) character file.

Game seed: 17772883660603683890

278 belegose the Chucker (level 6, -5/61 HPs)
             Began as a Troll Arcane Marksman on Dec 9, 2021.
             Engulfed by a steam dragon's steam (8 damage)
             ... on level 4 of the Dungeon.
             The game lasted 00:07:25 (2708 turns).

belegose the Chucker (Troll Arcane Marksman)        Turns: 2708, Time: 00:07:26

Health: -5/61      AC:  4    Str: 25    XL:     6   Next: 5%
Magic:  6/6        EV:  9    Int: 11    God:
Gold:   69         SH:  0    Dex: 10    Spells: 6/7 levels left

rFire    . . .     SeeInvis .   l - +4 dagger (drain)
rCold    . . .     Faith    .   (no shield)
rNeg     . . .     Spirit   .   a - +0 robe
rPois    .         Reflect  .   (helmet restricted)
rElec    .         Harm     .   (no cloak)
rCorr    .         Rampage  .   (gloves unavailable)
Will     .....                  (boots unavailable)
Stlth    +.........             (no amulet)
HPRegen  1.20/turn              h - +6 ring of strength
MPRegen  0.10/turn              y - ring of flight

@: flying
A: large, unfitting armour, claws 3, regeneration 1, shaggy fur 1, tough skin 1
a: no special abilities


You were on level 4 of the Dungeon.
You visited 1 branch of the dungeon, and saw 4 of its levels.

You collected 69 gold pieces.

Inventory:

Hand Weapons
 l - a +4 dagger of draining (weapon)
Missiles
 b - 4 large rocks (quivered)
 c - 2 throwing nets
 e - 16 poisoned darts
 i - 45 stones
 p - 10 boomerangs
Armour
 a - a +0 robe (worn)
Jewellery
 h - a +6 ring of strength (left claw)
 y - a ring of flight (right claw)
Wands
 r - a wand of flame (8)
Scrolls
 d - a scroll of blinking {unknown}
 f - a scroll of acquirement {unknown}
 g - a scroll of vulnerability {unknown}
 k - a scroll of fog {unknown}
 q - a scroll of teleportation {unknown}
 s - a scroll of identify {unknown}
 v - a scroll of magic mapping {unknown}
 w - 2 scrolls of silence {unknown}
 x - a scroll of amnesia {unknown}
Potions
 j - a potion of cancellation {unknown}
 m - a potion of brilliance {unknown}
 n - 3 potions of flight {unknown}
 o - a potion of haste {unknown}
 t - 2 potions of mutation {unknown}
 u - a potion of might {unknown}


   Skills:
 + Level 3.0 Fighting
 + Level 1.6 Short Blades
 + Level 3.8 Throwing
 - Level 1.5 Dodging
 - Level 1.0 Spellcasting
 - Level 2.0 Hexes
 + Level 1.0 Evocations


You had 6 spell levels left.
You knew the following spells:

 Your Spells              Type           Power      Damage    Failure   Level
a - Corona                Hex            4%         N/A       14%         1

Your spell library contained the following spells:

 Spells                   Type           Power      Damage    Failure   Level
 Slow                     Hex            4%         N/A       22%         2
 Animate Skeleton         Necr           0%         N/A       32%         1
 Apportation              Tloc           0%         N/A       32%         1
 Summon Small Mammal      Summ           0%         N/A       32%         1
 Inner Flame              Hex/Fire       2%         N/A       54%         3
 Portal Projectile        Hex/Tloc       4%         N/A       54%         3
 Cause Fear               Hex            2%         N/A       80%         4
 Olgreb's Toxic Radiance  Pois           0%         N/A       97%         4
 Ozocubu's Refrigeration  Ice            0%         4d5       100%        7
 Ignition                 Fire           0%         3d3       100%        8


Dungeon Overview and Level Annotations

Branches:
Dungeon (4/15)
 Temple: D:4-7

Altars:
Vehumet

Shops:
D:1 !

Annotations:
D:3 2 transporters


Innate Abilities, Weirdness & Mutations

You are too large for most types of armour.
You have claws for hands.
Your natural rate of healing is unusually fast.
You are covered in fur. (AC +1)
You have tough skin. (AC +1)


Message History

The steam dragon is heavily wounded.
You are engulfed in a cloud of scalding steam.
The steam dragon misses you. The steam dragon barely misses you.
You hit the steam dragon. You drain the steam dragon.
The steam dragon is almost dead.
You are engulfed in a cloud of scalding steam.
The steam dragon closely misses you. x2
Unknown command.
You closely miss the steam dragon.
The steam dragon is almost dead.
You are engulfed in a cloud of scalding steam.
The steam dragon barely misses you. The steam dragon claws you.
You are engulfed in a cloud of scalding steam.
The steam dragon bites you. The steam dragon closely misses you.
You closely miss the steam dragon.
The steam dragon is almost dead.
The steam dragon barely misses you. x2
You hit the steam dragon.
The steam dragon is almost dead.
The steam dragon bites you. The steam dragon claws you.
* * * LOW HITPOINT WARNING * * *
You hit the steam dragon but do no damage.
The steam dragon is almost dead.
The steam dragon breathes steam at you. The ball of steam hits you!
* * * LOW HITPOINT WARNING * * *
The steam dragon barely misses you. x2
Aiming: Throw Flame
Press: ? - help, Shift-Dir - straight line, f - steam dragon
Aim: a steam dragon (steam, almost dead, catching its breath, heavily drained, 68% to hit)
The puff of flame hits the steam dragon.
The steam dragon is almost dead.
You are engulfed in a cloud of scalding steam.
* * * LOW HITPOINT WARNING * * *
The steam dragon closely misses you.
The steam dragon claws you but does no damage.
You hit the steam dragon but do no damage.
The steam dragon is almost dead.
You are engulfed in a cloud of scalding steam.
You die...

.... #........# ##.#.
#).###.#.# ##.... ..#
#..###.#.# #..... ###
#......#.# ##....
##.#####.######... #.#
#.......... #.#
########... ###D######
##'## #.@§.§...# ##..[#
#.#§§###.# ##.....
#.##.#(#.# ##......
#.##.##.....###.......
#.............'.......
...#####....####.......
....## ##...... #..[.#
##..... #....# ##...#


You could see a steam dragon (catching breath, drained).

Vanquished Creatures
  A phantom (D:3)
  An orc priest (D:3)
  An orc wizard (D:3)
  Robin (D:3)
  5 adders (D:2)
  A worm (D:3)
  2 dart slugs
  2 orcs (D:3)
  7 endoplasms
  4 giant cockroaches
  21 hobgoblins
  2 quokkas (D:2)
  8 ball pythons
  6 bats
  3 frilled lizards
  13 goblins
  6 kobolds
84 creatures vanquished.

Notes
Turn   | Place    | Note
-------+----------+-------------------------------------------
     0 | D:1      | belegose the Troll Arcane Marksman began the quest for the
                  | Orb.
     0 | D:1      | Reached XP level 1. HP: 18/18 MP: 1/1
   126 | D:1      | Reached skill level 1 in Fighting
   126 | D:1      | Found Veus's Distillery.
   322 | D:1      | Reached XP level 2. HP: 26/27 MP: 2/2
   822 | D:1      | Found a faded altar of an unknown god.
  1083 | D:2      | Reached XP level 3. HP: 26/35 MP: 3/3
  1246 | D:2      | Reached XP level 4. HP: 40/42 MP: 4/4
  1762 | D:3      | Found a transporter.
  1774 | D:3      | Noticed Robin
  1799 | D:3      | Killed Robin
  1860 | D:3      | Found a transporter.
  2077 | D:3      | Reached XP level 5. HP: 50/50 MP: 5/5
  2150 | D:3      | Noticed a phantom
  2178 | D:3      | Reached skill level 1 in Short Blades
  2188 | D:3      | Killed a phantom
  2252 | D:3      | Reached skill level 1 in Evocations
  2252 | D:3      | Reached XP level 6. HP: 61/61 MP: 6/6
  2478 | D:4      | Found a radiant altar of Vehumet.
  2687 | D:4      | Noticed a steam dragon
  2707 | D:4      | HP: 2/61 [steam dragon] (6)]
  2708 | D:4      | Engulfed by a steam dragon's steam

Illustrated notes

Levels and vault maps discovered:
D:1:      psy_arrival_statuary, layout_basic, serial_shops, shop_fountains,
          dilly_ecumenical_altar_fadedgnrine, grunt_decor_cap,
          grunt_decor_fettered
D:2:      layout_rooms, grunt_ministairs_6, dk_noncrumbling_4
D:3:      gammafunk_wand_slinger, layout_loops_ring, uniq_robin
D:4:      cheibrodos_pilgrimage, layout_loops_corners, fiery_altar_vehumet

Skill      XL: |  1  2  3  4  5 |
---------------+----------------+-----
Fighting       | 1 2 3 |  3.0
Throwing       | 2 3 |  3.8
Short Blades   | 1 |  1.6
Evocations     | 1 |  1.0
Dodging        | |  1.5
Spellcasting   | |  1.0
Hexes          | |  2.0

Action                   |  1- 3 |  4- 6 || total
-------------------------+-------+-------++-------
Melee: Unarmed           |   119 |     9 ||   128
       Dagger            |       |   158 ||   158
Evoke: Wand              |       |     1 ||     1
Armor: Robe              |    61 |    55 ||   116
Dodge: Dodged            |    57 |    55 ||   112
